 Seeded DCSS version 0.28-a0-312-gbced6e68ee (webtiles) character file.

Game seed: 7704828258330008827 (custom seed)

66 voltaire321 the Insei (level 4, -1/29 HPs)
             Began as an Octopode Transmuter on Aug 31, 2021.
             Slain by Edmund (10 damage)
             ... on level 4 of the Dungeon.
             The game lasted 00:05:49 (1421 turns).

voltaire321 the Insei (Octopode Transmuter)         Turns: 1421, Time: 00:05:50

Health: -1/29      AC:  6    Str:  9    XL:     4   Next: 15%
Magic:  6/7        EV: 13    Int: 15    God:
Gold:   756        SH:  0    Dex: 13    Spells: 4/7 levels left

rFire   + + .      SeeInvis .   a - +3 Elemental Staff {rElec rF++ rC++ Will++ AC+5}
rCold   + + +      Faith    .   (no shield)
rNeg    . . .      Spirit   .   (helmet currently unavailable)
rPois   .          Reflect  .   (no amulet)
rElec   +          Harm     .   e - ring of protection from cold
rCorr   .          Rampage  .   (no ring)
Will    ++...                   (no ring)
Stlth   ++........              (no ring)
HPRegen 0.09/turn               (no ring)
MPRegen 0.10/turn               (no ring)
                                (no ring)
                                (no ring)

@: appendages
A: tentacle spike 3, almost no armour, amphibious, 8 rings, camouflage 1,
gelatinous body 1, (nimble swimmer 1), tentacles
a: End Transformation


You were on level 4 of the Dungeon.
One of your tentacles had grown a beastly spike.
You visited 1 branch of the dungeon, and saw 3 of its levels.

You collected 976 gold pieces.
You spent 220 gold pieces at shops.

Inventory:

Hand Weapons
 a - the +3 Elemental Staff (weapon) {rElec rF++ rC++ Will++ AC+5}
   (You acquired it on level 1 of the Dungeon)

   If the wielder is skilled in Evocations, they can discharge powerful blasts
   of elemental energy when striking with it.
   It enhances your fire, ice, earth and air magic.
   AC:        It affects your AC (+5).
   rF:        It greatly protects you from fire.
   rC:        It greatly protects you from cold.
   rElec:     It insulates you from electricity.
   Will:      It greatly increases your willpower.
Jewellery
 e - a ring of protection from cold (left tentacle)
Scrolls
 b - a scroll of identify {unknown}
 f - a scroll of vulnerability {unknown}
 g - a scroll of fear {unknown}
Potions
 c - a potion of curing
 d - a potion of flight {unknown}


   Skills:
 + Level 1.8 Fighting
 + Level 2.6 Dodging
 + Level 3.4 Unarmed Combat
 + Level 2.4 Spellcasting
 + Level 2.5 Transmutations


You had 4 spell levels left.
You knew the following spells:

 Your Spells              Type           Power      Damage    Failure   Level
a - Beastly Appendage     Tmut           18%        N/A       8%          1
b - Wereblood             Tmut           9%         N/A       11%         2

Your spell library contained the following spells:

 Spells                   Type           Power      Damage    Failure   Level
 Sting                    Tmut/Pois      20%        1d4       13%         1
 Poisonous Vapours        Pois/Air       4%         N/A       32%         2
 Spider Form              Tmut/Pois      2%         N/A       36%         3
 Ice Form                 Ice/Tmut       8%         N/A       77%         4
 Olgreb's Toxic Radiance  Pois           1%         N/A       91%         4


Dungeon Overview and Level Annotations

Branches:
Dungeon (2/15)

Altars:

Shops:
D:1 :

Annotations:
D:2 Robin
D:4 Edmund


Innate Abilities, Weirdness & Mutations

One of your tentacles has grown a beastly spike.
You cannot wear most types of armour.
You are amphibious.
You can wear up to eight rings at the same time.
Your skin changes colour to match your surroundings (Stealth+).
Your rubbery body absorbs attacks. (AC +1, EV +1)
((You are camouflaged near water. (Stealth+)))
You have tentacles for arms and can constrict up to eight enemies at once.


Message History

You kill the rat!
You see here a rat corpse.
Your transformation is almost over.
Found a +0 club.
You now have 749 gold pieces (gained 12).
You see here 14 stones.
There is an escape hatch in the floor here.
Your tentacle spike disappears.
You now have 756 gold pieces (gained 7).
Found a puce potion.
c - 2 puce potions (gained 1)
You fall into a shaft and drop 2 floors!
The shaft crumbles and collapses.
Edmund the Younger comes into view.
He is wielding a +2 dire flail of holy wrath.
Found a hand axe.
Found a stone staircase leading down.
Edmund shouts!
Edmund drinks a potion.
Edmund seems to speed up.
A hobgoblin comes into view.
Casting: Beastly Appendage (safe; 8% risk of failure)
Confirm with . or Enter, or press ? or * to list all spells.
One of your tentacles grows a vicious spike.
Edmund completely misses you. Edmund closely misses you.
You hit Edmund. You grab Edmund.
You pierce Edmund, but do no damage.
Edmund is lightly wounded.
You constrict Edmund, but do no damage.
Edmund hits you with a +2 dire flail of holy wrath!
You hit Edmund.
You pierce Edmund, but do no damage.
You squeeze Edmund.
Edmund is moderately wounded.
You constrict Edmund. Edmund closely misses you.
Edmund hits you with a +2 dire flail of holy wrath!
* * * LOW HITPOINT WARNING * * *
It was a potion of curing.
You feel better.
You constrict Edmund, but do no damage.
Edmund hits you with a +2 dire flail of holy wrath!
Edmund misses you.
You completely miss Edmund.
You pierce Edmund, but do no damage.
Edmund is moderately wounded.
You constrict Edmund, but do no damage.
Edmund hits you with a +2 dire flail of holy wrath!
You die...

................
#...........#
...####...@...#
#...........#
#.####.#...##
#.##### #.# #@#
#@# #..# ##.# .#
.# .# .# .#


You could see Edmund (fast).

Vanquished Creatures
  2 adders (D:1)
  A worm (D:2)
  A dart slug (D:1)
  5 endoplasms
  A giant cockroach (D:1)
  6 goblins
  5 hobgoblins
  2 quokkas
  2 ball pythons (D:2)
  6 bats (D:1)
  3 frilled lizards (D:1)
  A kobold (D:1)
  8 rats
43 creatures vanquished.

Notes
Turn   | Place    | Note
-------+----------+-------------------------------------------
     0 | D:1      | voltaire321 the Octopode Transmuter began the quest for the
                  | Orb.
     0 | D:1      | Reached XP level 1. HP: 13/13 MP: 3/3
    19 | D:1      | Identified a scroll of acquirement
    19 | D:1      | Acquired the +3 Elemental Staff {rElec rF++ rC++ Will++
                  | AC+5}
    19 | D:1      | Found the +3 Elemental Staff {rElec rF++ rC++ Will++ AC+5}
   298 | D:1      | Acquired 921 gold pieces
   328 | D:1      | Reached XP level 2. HP: 18/18 MP: 3/5
   360 | D:1      | Learned a level 2 spell: Wereblood
   406 | D:1      | Found Iveklaap's Book Emporium.
   482 | D:1      | Bought a Young Poisoner's Handbook for 220 gold pieces
   568 | D:1      | Reached XP level 3. HP: 21/23 MP: 4/6
  1043 | D:2      | Noticed Robin
  1260 | D:2      | Reached XP level 4. HP: 27/29 MP: 7/7
  1407 | D:2      | You fall into a shaft and drop 2 floors!
  1407 | D:4      | Noticed Edmund
  1421 | D:4      | Slain by Edmund

Illustrated notes

Levels and vault maps discovered:
D:1:      shiori_shiawase, layout_loops_ring, serial_shops, shop,
          minmay_hexomino_u4
D:2:      layout_basic, minmay_snake_closets, uniq_robin
D:4:      layout_loops_ring, uniq_edmund

Action                   |  1- 3 |  4- 6 || total
-------------------------+-------+-------++-------
Melee: Staff             |    87 |    15 ||   102
       Kick              |    11 |     8 ||    19
       Constrict         |    18 |     4 ||    22
       Tentacles         |     8 |     1 ||     9
       Punch             |     1 |       ||     1
 Cast: Beastly Appendage |    13 |     3 ||    16
  Use: Scroll            |     2 |       ||     2
       Potion            |       |     1 ||     1
 Stab: Sleeping          |     6 |       ||     6
Armor: Skin              |    31 |     3 ||    34
Dodge: Dodged            |    84 |    12 ||    96

Table legend: (Time is in decaauts)
 A = Elapsed time spent in this place.
 B = Non-inter-level travel time spent in this place.
 C = Inter-level travel time spent in this place.
 D = Time resting spent in this place.
 E = Time spent auto-exploring this place.
 F = Levels seen in this place.
 G = Mean time per level.
                   A        B        C        D        E       F      G
               +--------+--------+--------+--------+--------+-----+--------+
         Total |   1441 |   1399 |     42 |    488 |    529 |   3 |  480.3 |
       Dungeon |   1441 |   1399 |     42 |    488 |    529 |   3 |  480.3 |
               +--------+--------+--------+--------+--------+-----+--------+

Top non-repeatable levels by time:
     D:1: 1234 daAuts
     D:2: 193 daAuts
     D:4: 14 daAuts
